Map: Blueshift LE

Players

Shichibukai

  • Race: Protoss Protoss
  • League: Master
  • Spawn Location: 1:00

FisterRoboto - Winner!

  • Race: Zerg Zerg
  • League: Diamond
  • Spawn Location: 7:00

VOD

Have the link to the VOD?

Description

Time

  • Played on: Aug. 26, 2018, 1:01 a.m.
  • Length: 8:54
Show
View Real Time Build Order
Export as new Build Order

Shichibukai Protoss 

Build Orders: 1 Gate Expand 

Get SALT Encoding   

  1  0:00  Probe  
  12  0:06  Probe  
  14  0:23  Pylon  
  14  0:33  Probe  
  15  0:45  Gateway, Probe  
  15  0:49  Assimilator  
  16  0:54  Probe  
  16  1:03  Probe  
  18  1:11  Probe  
  19  1:27  Nexus  
  19  1:31  Probe  
  20  1:41  Cybernetics Core  
  20  1:43  Probe  
  21  1:52  Pylon  
  21  1:59  Assimilator, Probe  
  22  2:12  Probe  
  22  2:13  Stalker  
  25  2:24  Probe  
  25  2:25  Warp Gate  
  26  2:36  Probe  
  27  2:38  Adept  
  29  2:45  Pylon  
  29  2:48  Probe  
  29  2:55  Robotics Facility  
  29  2:56  Probe  
  30  3:00  Probe  
  30  3:04  Gateway, Sentry  
  31  3:08  Probe  
  31  3:11  Shield Battery  
  34  3:13  Probe  
  34  3:16  Probe  
  35  3:24  Probe  
  35  3:25  Probe  
  37  3:32  Pylon  
  37  3:33  Immortal  
  38  3:35  Probe  
  38  3:37  Probe  
  40  3:47  Probe  
  45  3:49  Probe  
  46  3:59  Probe  
  46  4:01  Probe  
  46  4:02  Pylon  
  48  4:03  Warp Prism  
  48  4:06  Gateway  
  48  4:12  Pylon  
  48  4:16  Assimilator  
  50  4:21  Assimilator, Probe x2  
  52  4:28  Sentry x2  
  56  4:33  Probe  
  57  4:41  Immortal  
  57  4:48  Probe  
  57  4:49  Probe  
  65  5:00  Adept, Probe  
  65  5:01  Probe  
  65  5:05  Pylon  
  67  5:08  Nexus  
  67  5:11  Pylon  
  67  5:12  Sentry  
  67  5:14  Pylon  
  69  5:22  Gateway  
  69  5:25  Gateway  
  68  5:30  Sentry x2  
  68  5:31  Probe x2  
  74  5:36  Gateway  
  74  5:37  Gateway  
  74  5:40  Gateway  
  74  5:43  Probe x2  
  77  5:50  Observer  
  77  5:53  Pylon  
  77  5:55  Probe  
  77  5:56  Probe  
  79  6:02  Sentry x2  
  83  6:08  Probe  
  83  6:09  Sentry  
  86  6:14  Probe  
  87  6:18  Pylon  
  87  6:20  Probe  
  88  6:35  Adept x4  
  88  6:36  Adept  
  88  6:39  Probe  
  93  6:40  Probe  
  90  6:47  Adept x3  
  90  6:58  Adept x3  
  90  6:59  Adept x2  
  90  7:11  Adept x2  
  90  7:12  Adept  
  90  7:20  Adept x5  
  94  7:30  Probe  
  94  7:33  Assimilator  
  94  7:34  Pylon  
  95  7:39  Assimilator, Robotics Bay  
  95  7:42  Adept x5  
  95  7:43  Adept x3  
  111  7:48  Immortal, Probe x3  
  114  7:51  Pylon  
  116  8:00  Probe  
  91  8:21  Shield Battery  
  91  8:23  Probe  
  91  8:24  Shield Battery  
  91  8:26  Shield Battery, Adept x6  
  91  8:27  Adept x2  
  92  8:47  Adept x3  
  92  8:48  Adept x4  
Show
View Real Time Build Order
Export as new Build Order

FisterRoboto Zerg - Winner!

Build Orders: Hatch First 

Get SALT Encoding   

  12  0:03  Drone  
  13  0:13  Overlord  
  13  0:17  Drone  
  14  0:31  Drone x2  
  16  0:35  Drone  
  17  0:52  Hatchery  
  16  0:57  Drone  
  16  0:58  Drone  
  18  1:12  Extractor  
  18  1:14  Spawning Pool  
  18  1:15  Drone  
  17  1:18  Drone  
  18  1:29  Drone  
  19  1:43  Drone  
  20  2:00  Queen  
  22  2:04  Queen  
  22  2:05  Zergling x6  
  27  2:14  Overlord  
  27  2:17  Drone  
  28  2:23  Metabolic Boost  
  28  2:35  Drone  
  28  2:36  Drone  
  30  2:50  Hatchery  
  29  2:53  Drone x4  
  29  2:57  Overlord  
  33  3:04  Overlord  
  33  3:13  Drone x3  
  33  3:16  Overlord  
  36  3:22  Queen  
  36  3:24  Queen  
  40  3:31  Drone x4  
  40  3:34  Overlord  
  44  3:43  Drone  
  44  3:44  Drone x2  
  47  3:59  Drone x2  
  47  4:02  Extractor, Roach Warren, Queen  
  49  4:04  Queen  
  49  4:07  Lair  
  49  4:09  Drone  
  52  4:10  Drone  
  52  4:12  Drone  
  54  4:18  Drone x3  
  54  4:20  Spore Crawler  
  54  4:23  Spore Crawler  
  55  4:27  Spore Crawler  
  55  4:29  Drone x2  
  55  4:30  Drone  
  57  4:40  Queen  
  57  4:42  Drone x4  
  63  4:48  Overlord  
  63  4:49  Overlord  
  63  4:53  Overlord  
  63  4:59  Extractor  
  62  5:02  Extractor  
  61  5:15  Drone x3  
  61  5:16  Roach x3  
  61  5:17  Roach x4  
  78  5:25  Zergling x10  
  81  5:37  Drone  
  81  5:40  Overlord x5  
  82  5:46  Glial Reconstitution  
  82  5:59  Drone  
  82  6:00  Drone x5  
  88  6:06  Roach x7  
  102  6:14  Roach x2  
  102  6:16  Overlord  
  102  6:18  Overlord  
  106  6:21  Ravager x5  
  109  6:27  Zergling x2  
  109  6:28  Zergling x8  
  110  6:37  Roach x4  
  110  6:38  Roach  
  119  6:47  Zergling x14  
  117  6:53  Zergling x6  
  106  7:02  Roach x5  
  105  7:12  Roach x2  
  102  7:19  Roach x2  
  102  7:22  Roach  
  100  7:26  Roach  
  100  7:29  Roach  
  100  7:31  Roach x5  
  100  7:33  Ravager x2  
  100  7:34  Ravager  
  100  7:36  Roach  
  100  7:37  Zergling x6, Roach  
  117  7:42  Zergling x4  
  122  7:46  Zergling x2  
  122  7:49  Zergling x2  
  124  7:51  Ravager  
  124  7:52  Ravager  
  119  8:06  Roach x7  
  128  8:15  Zergling x14  
  135  8:25  Zergling x4  
  136  8:28  Ravager  
  137  8:35  Hatchery  
Tags
 
Add a new tag
Caveats
  • Supply blocks, unpowered buildings, or Contaminate may cause inaccurate times.
  • Supply counts are checked every 10 seconds.